 Dungeon Crawl Stone Soup version 0.27.1-3-gb3d3a73c9e (webtiles) character file.

Game seed: 9976215475008654111

542 earthworldpsion the Chopper (level 7, -4/62 HPs)
             Began as a Minotaur Berserker on Oct 20, 2021.
             Was a Believer of Trog.
             Slain by a gnoll (5 damage)
             ... on level 6 of the Dungeon.
             The game lasted 00:12:21 (4219 turns).

earthworldpsion the Chopper (Minotaur Berserker)    Turns: 4219, Time: 00:12:21

Health: -4/62      AC:  6    Str: 24    XL:     7   Next: 6%
Magic:  6/6        EV: 12    Int:  4    God:    Trog [**....]
Gold:   150        SH:  0    Dex:  9    Spells: 6/6 levels left

rFire    . . .     SeeInvis .   a - +0 hand axe
rCold    . . .     Faith    .   (no shield)
rNeg     . . .     Spirit   .   e - +0 ring mail
rPois    .         Reflect  .   (helmet restricted)
rElec    .         Harm     .   (no cloak)
rCorr    +         Rampage  .   (no gloves)
Will     .....                  (no boots)
Stlth    ..........             (no amulet)
HPRegen  0.20/turn              p - ring of resist corrosion
MPRegen  0.10/turn              (no ring)

@: lit by a corona, glowing
A: horns 2, retaliatory headbutt
a: Renounce Religion, Berserk, Trog's Hand


You were on level 6 of the Dungeon.
You worshipped Trog.
Trog was pleased with you.
You visited 1 branch of the dungeon, and saw 6 of its levels.

You collected 150 gold pieces.

Inventory:

Hand Weapons
 a - a +0 hand axe (weapon)
Missiles
 c - 2 throwing nets
 o - 4 javelins (quivered)
 q - 6 datura-tipped darts
Armour
 b - a +0 animal skin
 e - a +0 ring mail (worn)
Jewellery
 p - a ring of resist corrosion (left hand)
Wands
 s - a wand of mindburst (17)
Scrolls
 d - a scroll of identify {unknown}
 h - a scroll of teleportation {unknown}
 i - a scroll of fear {unknown}
 l - a scroll of noise {unknown}
 m - a scroll of vulnerability {unknown}
 r - a scroll of immolation {unknown}
 t - a scroll of enchant armour {unknown}
Potions
 f - a potion of flight {unknown}
 g - 2 potions of degeneration {unknown}
 j - a potion of brilliance {unknown}
 k - a potion of attraction {unknown}
 n - a potion of curing {unknown}


   Skills:
 + Level 5.7 Fighting
 + Level 5.7 Axes
 + Level 5.0 Armour
 + Level 4.6 Dodging


You had 6 spell levels left.
You didn't know any spells.
Your spell library was empty.

Dungeon Overview and Level Annotations

Branches:
Dungeon (6/15)             Temple (0/1) D:5

Altars:
Ashenzari
Cheibriados
Kikubaaqudgha

Shops:
D:1 :

Annotations:
D:2 literally just working on remembering annotation commands


Innate Abilities, Weirdness & Mutations

You have a pair of horns on your head.
You reflexively headbutt those who attack you in melee.


Message History

The gnoll shaman hits you with a +0 club!
The gnoll completely misses you. The gnoll hits you but does no damage.
The ufetubus misses you. x2
You hit the ufetubus.
You kill the ufetubus!
Trog accepts your kill.
You barely miss the gnoll shaman. You hit the gnoll.
You kill the gnoll!
Trog accepts your kill.
You hit the gnoll.
The gnoll shaman invokes the aid of its god against you.
You are outlined in light.
The gnoll hits you with a +0 flail!
A wyvern skeleton comes into view.
A dart slug comes into view.
The gnoll shaman closely misses you.
The gnoll shaman hits you with a +0 club.
* * * LOW HITPOINT WARNING * * *
The gnoll shaman barely misses you. The gnoll hits you but does no damage.
The gnoll shaman calls upon its god to heal the gnoll.
The gnoll is healed somewhat.
You closely miss the gnoll.
The gnoll is lightly wounded.
The gnoll shaman calls upon its god to speed up the gnoll.
The gnoll seems to speed up.
You hear the rusting of a drain nearby.
You hear the brisk hiss of a very distant avalanche of sand.
The wyvern skeleton bites you.
* * * LOW HITPOINT WARNING * * *
There is a stone staircase leading down here.
The gnoll misses you. The wyvern skeleton bites you!
* * * LOW HITPOINT WARNING * * *
You climb downwards.
There is a stone staircase leading up here.
You closely miss the gnoll.
The gnoll is lightly wounded.
The gnoll hits you with a +0 flail.
* * * LOW HITPOINT WARNING * * *
You hit the gnoll.
The gnoll is heavily wounded.
The gnoll hits you with a +0 flail.
You die...

#...
#..#
#..#
#..#
#..#
#..
#g#
#@#
###


You could see a gnoll (fast).

Vanquished Creatures
  Grinder (D:4)
  A phantom (D:4)
  A wight (D:5)
  A hound (D:5)
  Natasha (D:3)
  A hound skeleton (D:5)
  7 gnolls
  3 adders
  An ufetubus (D:5)
  An adder skeleton (D:3)
  2 orcs (D:4)
  5 ball pythons
  6 endoplasms
  4 giant cockroaches
  6 goblins
  6 hobgoblins
  7 kobolds
  5 quokkas
  3 bats
  5 rats
67 creatures vanquished.

Notes
Turn   | Place    | Note
-------+----------+-------------------------------------------
     0 | D:1      | earthworldpsion the Minotaur Berserker began the quest for
                  | the Orb.
     0 | D:1      | Reached XP level 1. HP: 19/19 MP: 0/0
   454 | D:1      | Reached XP level 2. HP: 22/27 MP: 1/1
   832 | D:1      | Found Hunwuiri's Book Shoppe.
  1347 | D:2      | Reached XP level 3. HP: 28/33 MP: 2/2
  1553 | D:2      | Reached ** piety under Trog
  2051 | D:2      | Found a broken altar of Ashenzari.
  2376 | D:3      | Noticed Natasha
  2384 | D:3      | Killed Natasha
  2385 | D:3      | Reached XP level 4. HP: 25/41 MP: 3/3
  2736 | D:3      | Found a faded altar of an unknown god.
  2885 | D:4      | Noticed Grinder
  2914 | D:4      | Paralysed by Grinder for 5 turns
  2930 | D:4      | Killed Grinder
  2931 | D:4      | Reached skill level 5 in Fighting
  2931 | D:4      | Reached skill level 5 in Axes
  2931 | D:4      | Reached XP level 5. HP: 33/48 MP: 4/4
  2931 | D:4      | Reached XP level 6. HP: 39/56 MP: 5/5
  3179 | D:4      | Found an ancient bone altar of Kikubaaqudgha.
  3437 | D:4      | HP: 1/56 [gnoll (7)]
  3814 | D:4      | Found a snail-covered altar of Cheibriados.
  3909 | D:5      | Entered Level 5 of the Dungeon
  4094 | D:5      | Reached skill level 5 in Armour
  4094 | D:5      | Reached XP level 7. HP: 43/62 MP: 6/6
  4187 | D:5      | Found a staircase to the Ecumenical Temple.
  4218 | D:6      | HP: 1/62 [gnoll (3)]
  4219 | D:6      | Slain by a gnoll

Illustrated notes

Levels and vault maps discovered:
D:1:      wander_arrival_chamber, layout_basic, serial_shops,
          nicolae_shop_stone, minmay_bisected
D:2:      layout_basic, basic_altar
D:3:      layout_basic, shapermc_ecumenical_altar_pompeii, uniq_natasha
D:4:      layout_loops_cross, mainiacjoe_overflow_alcove_1,
          kennysheep_little_box, uniq_grinder
D:5:      layout_cave_pools, gammafunk_temple_overflow_arena,
          minmay_temple_entry_sparse_star, enter_ossuary_4,
          gup_sewer_entry_bowl, serial_shops, shop, minmay_fractal_squares_5
D:6:      layout_basic, serial_shops, nicolae_shop_window_shopping, uniq_maggie

Skill      XL: |  1  2  3  4  5  6 |
---------------+-------------------+-----
Axes           | 4 5 |  5.7
Fighting       | 4 5 |  5.7
Armour         | 3 4 5 |  5.0
Dodging        | 3 4 |  4.6

Action                   |  1- 3 |  4- 6 |  7- 9 || total
-------------------------+-------+-------+-------++-------
Melee: Hand axe          |    96 |    90 |     9 ||   195
       Headbutt          |    19 |    15 |       ||    34
Invok: Berserk           |     1 |     1 |       ||     2
  Use: Potion            |       |     3 |       ||     3
Armor: Animal skin       |     3 |       |       ||     3
       Ring mail         |    16 |    31 |    11 ||    58
Dodge: Dodged            |    61 |    50 |    25 ||   136
